 Dungeon Crawl Stone Soup version 0.29-a0-802-g34511f41fd (webtiles) character file.

Game seed: 3809339676916350537

11 polve the Trooper (level 2, -2/24 HPs)
             Began as a Demonspawn Abyssal Knight on July 3, 2022.
             Was a Follower of Lugonu.
             Frozen to death by an endoplasm (5 damage)
             ... on level 1 of the Dungeon.
             The game lasted 00:00:36 (854 turns).

polve the Trooper (Demonspawn Abyssal Knight)        Turns: 854, Time: 00:00:36

Health: -2/24      AC:  3    Str: 13    XL:     2   Next: 13%
Magic:  3/3        EV: 11    Int:  7    God:    Lugonu [*.....]
Gold:   0          SH:  0    Dex: 13    Spells: 1/1 levels left

rFire   . . .      SeeInvis .   a - +0 dagger (elec)
rCold   . . .      Faith    .   (no shield)
rNeg    . . .      Spirit   .   b - +0 leather armour
rPois   .          Reflect  .   (no helmet)
rElec   .          Harm     .   (no cloak)
rCorr   .          Rampage  .   (no gloves)
Will    .....                   (no boots)
Stlth   +.........              (no amulet)
HPRegen 0.08/turn               (no ring)
MPRegen 0.08/turn               (no ring)

@: no status effects
A: powered by pain 1, [dopey 2]
a: Renounce Religion, Depart the Abyss


You were on level 1 of the Dungeon.
You worshipped Lugonu.
Lugonu was aware of your devotion.
You visited 1 branch of the dungeon, and saw 1 of its levels.
You visited the Abyss 1 time.

Inventory:

Hand Weapons
 a - a +0 dagger of electrocution (weapon)
Armour
 b - a +0 leather armour (worn)
Scrolls
 c - 4 scrolls of identify {unknown}
 d - a scroll of noise {unknown}
 e - a scroll of teleportation {unknown}


   Skills:
 - Level 3.0 Fighting
 + Level 2.6 Short Blades
 - Level 1.7 Armour
 - Level 0.8 Dodging
 - Level 2.4 Invocations


You had one spell level left.
You didn't know any spells.
Your spell library was empty.

Dungeon Overview and Level Annotations

Branches:
Dungeon (1/15)

Altars:


Innate Abilities, Weirdness & Mutations

You sometimes gain a little power by taking damage.
[You are very dopey. (Int -4)]


Message History

You are too injured to fight recklessly!
You are too injured to fight recklessly!
You are too injured to fight recklessly!
You are too injured to fight recklessly!
You are too injured to fight recklessly!
You are too injured to fight recklessly!
You are too injured to fight recklessly!
You are too injured to fight recklessly!
You are too injured to fight recklessly!
You are too injured to fight recklessly!
You are too injured to fight recklessly!
You are too injured to fight recklessly!
You are too injured to fight recklessly!
You are too injured to fight recklessly!
You are too injured to fight recklessly!
You are too injured to fight recklessly!
You are too injured to fight recklessly!
You are too injured to fight recklessly!
You are too injured to fight recklessly!
You are too injured to fight recklessly!
The bat barely misses you. The endoplasm hits you. The bat misses you.
The endoplasm hits you. The bat hits you but does no damage.
The endoplasm freezes you.
You are frozen.
The bat barely misses you. The bat hits you but does no damage.
The endoplasm hits you. The bat misses you. The endoplasm freezes you.
You are frozen.
* * * LOW HITPOINT WARNING * * *
The bat hits you.
* * * LOW HITPOINT WARNING * * *
The endoplasm freezes you.
You are frozen.
* * * LOW HITPOINT WARNING * * *
The bat closely misses you. The endoplasm freezes you.
You are frozen.
You die...

..########..##.......#
.....≈≈≈###..#########
......≈≈≈≈#........#
.≈##...≈≈≈≈..#.....#
.##≈..(..≈≈≈.......#
..≈≈≈..#..≈........#
.(.##≈.##...##.....#
.......#####.......#
#.##..## #..#.†@..#
#...... .....b.J....#
....... .#...#.####.#
#...... ....... ...
##### ##..... ...
....... .... ###....
... ##.#.


You could see an endoplasm and a bat.

Vanquished Creatures
  A dart slug (D:1)
  2 ball pythons (D:1)
  An endoplasm (D:1)
  A goblin (D:1)
  A hobgoblin (D:1)
  A bat (D:1)
  A rat (D:1)
8 creatures vanquished.

Notes
Turn   | Place    | Note
-------+----------+-------------------------------------------
     0 | Abyss:1  | polve the Demonspawn Abyssal Knight began the quest for the
                  | Orb.
     0 | Abyss:1  | Reached XP level 1. HP: 18/18 MP: 2/2
   186 | Abyss:1  | Found a corrupted altar of Lugonu.
   188 | Abyss:1  | Noticed a wretched star
   189 | D:1      | Escaped the Abyss
   375 | D:1      | Gained mutation: You sometimes gain a little power by
                  | taking damage. [demonic ancestry]
   375 | D:1      | Reached XP level 2. HP: 24/24 MP: 3/3
   854 | D:1      | Frozen to death by an endoplasm

Illustrated notes

Levels and vault maps discovered:
D:1:      denvon_arrival_waterhouse, layout_basic,
          hellmonk_ecumenical_altar_watching_god

Skill      XL: |  1 |
---------------+----+-----
Short Blades   | 2 |  2.6
Fighting       | |  3.0
Armour         | |  1.7
Dodging        | |  0.8
Invocations    | |  2.4

Action                   || total
-------------------------++-------
Melee: Short sword       ||    19
       Dagger            ||    19
       Punch             ||     1
Invok: Depart the Abyss  ||     1
 Stab: Sleeping          ||     1
Armor: Leather armour    ||    42
Dodge: Dodged            ||    76

Table legend: (Time is in decaauts)
 A = Elapsed time spent in this place.
 B = Non-inter-level travel time spent in this place.
 C = Inter-level travel time spent in this place.
 D = Time resting spent in this place.
 E = Time spent auto-exploring this place.
 F = Levels seen in this place.
 G = Mean time per level.
                   A        B        C        D        E       F      G
               +--------+--------+--------+--------+--------+-----+--------+
         Total |    850 |    850 |      0 |      0 |    693 |   2 |  425.0 |
       Dungeon |    661 |    661 |      0 |      0 |    507 |   1 |  661.0 |
         Abyss |    189 |    189 |      0 |      0 |    186 |   1 |  189.0 |
               +--------+--------+--------+--------+--------+-----+--------+

Top non-repeatable levels by time:
     D:1: 661 daAuts
 Abyss:1: 189 daAuts
